Flames vs Blues

Created - April 18, 2024 at 20:12

Goals
1 2 3 T
Flames 1 0 2 3
Blues 0 4 1 5
Shots
1 2 3 T
Flames 11 3 15 29
Blues 9 12 8 29

GoalsPenalties
1st period
1. Flames , John Tavares 2 (Jordan Kyrou 3, Lawson Crouse 3) at 5:09 (PP)
Filip Hronek (STL) for Slashing (Minor) at 3:58
Steven Lorentz (STL) for Holding Stick (Minor) at 5:51
Lawson Crouse (CGY) for Interference (Minor) at 15:09
Josh Morrissey (CGY) for Tripping (Minor) at 19:13
2nd period
2. Blues , Alex Newhook 2 (Filip Hronek 3, Alec Martinez 6) at 4:31
3. Blues , Nico Hischier 4 (Jack Eichel 4, Cale Makar 8) at 4:47
4. Blues , Auston Matthews 5 (Filip Hronek 4) at 6:36
5. Blues , Yanni Gourde 5 (Kris Letang 5, Auston Matthews 5) at 7:53
No Penalty
3rd period
6. Flames , Steven Stamkos 8 (Jared Spurgeon 3) at 1:52
7. Flames , Jordan Eberle 4 (Dmitry Orlov 5, Jordan Staal 3) at 1:58
8. Blues , Kris Letang 3 (Logan Couture 7, Cale Makar 9) at 19:50 (Empty Net)
Alex Newhook (STL) for Hooking (Minor) at 15:26
Goalie Stats
Antti Raanta (CGY), 12 saves from 16 shots - (0.750), L, 4-2-0, 27:53 minutes
Vitek Vanecek (CGY), 12 saves from 12 shots - (1.000), 31:35 minutes
Carter Hart (STL), 26 saves from 29 shots - (0.897), W, 6-2-0, 60:00 minutes
3 StarsOfficial
1 - Kris Letang (STL)
2 - Auston Matthews (STL)
3 - Yanni Gourde (STL)
Referees : Ghislain Hebert and Andrew Howard
Linesman : Brent Hooks and Justin Cornell
Game Note
Vitek Vanecek enters game at 7:53 of 2nd period
Kris Letang has scored in a empty net!
Finance
Level 1 -- Attendance: 6500 (100.00%) -- Ticket Income $682,500
Level 2 -- Attendance: 5000 (100.00%) -- Ticket Income $375,000
Level 3 -- Attendance: 3500 (100.00%) -- Ticket Income $175,000
Level 4 -- Attendance: 1562 (100.00%) -- Ticket Income $60,918
Luxury Box -- Attendance: 1000 (100.00%) -- Ticket Income $199,000
Game was played at the Scottrade Center.
Total Attendance: 17562 (100.00%)
Total Ticket Income: $1,492,418
Other Income: $373,104
Total Income: $1,865,522



Team Name Goals Shots Shots Attemp Shots Blocked PIM HIT PP PK FO%
Flames 32963124251 / 3 (33%)048%
Blues 5296896130 / 2 (0%)152%

Flames
Player Name POS G A P +/- PIM HIT SHT SB MP PP MP PP SHT PK MP PK SHT FO% FOT
Adam LarssonD0000042124:032:2722:2100% 0
Alex DeBrincatRW000-1012015:280:0000:0000% 0
Alex OvechkinLW000-3044021:532:3120:00050% 2
Dmitry OrlovD0110012317:502:2722:2100% 0
Erik GudbransonD0000010113:450:0000:4300% 0
Esa LindellD0000000018:020:0000:0000% 0
Jakub VranaLW000000000:000:0000:0000% 0
Jared SpurgeonD011-3011422:552:4201:3700% 0
John TavaresC1010004021:072:3811:42039% 28
Jordan EberleRW1010002114:440:0000:0000% 0
Jordan KyrouC011-2001019:462:3810:00033% 3
Jordan StaalC0110030017:000:0002:16065% 26
Josh MorrisseyD000-3251223:242:4200:5400% 0
Lawson CrouseLW0110233019:242:3830:0000% 0
Pierre-Edouard BellemareLW000000002:160:0002:1600% 0
Sean KuralyC000000001:420:0001:4200% 0
Sebastian AhoC0000013020:482:3100:0000% 0
Steven StamkosC101-3014021:532:3120:00041% 27
Blues
Player Name POS G A P +/- PIM HIT SHT SB MP PP MP PP SHT PK MP PK SHT FO% FOT
Alec MartinezD0113000220:230:0102:2800% 0
Alex NewhookC1010201011:022:0100:000100% 1
Anthony DeAngeloD000-1000215:501:4200:3600% 0
Auston MatthewsC1122004021:361:5601:14050% 24
Cale MakarD0222011024:362:1612:0700% 0
Carson SoucyD000-1010013:320:0000:0000% 0
Clayton KellerRW0002002020:282:0200:0000% 0
Craig SmithC000000007:000:0000:0000% 0
Curtis LazarC000004009:020:0000:00053% 15
Filip HronekD0222220219:120:0002:0500% 0
Jack EichelC0110021117:351:5600:0000% 1
Kris LetangD1122005124:571:4233:0200% 0
Logan CoutureC0111002021:331:5603:1200% 0
Marcus JohanssonLW000000007:000:0000:000100% 1
Nico HischierC1011015018:412:1610:00045% 22
Sean MonahanC0000003010:590:0001:57056% 9
Steven LorentzC000021208:570:0001:58064% 11
Yanni GourdeC1012013122:252:0201:57050% 2



Play-by-Play

1st period


0:01 of 1st period - Auston Matthews wins face-off versus John Tavares in neutral zone.
0:42 of 1st period - Shot by Clayton Keller.
0:42 of 1st period - Shot Misses the Net.
1:52 of 1st period - Adam Larsson is hit by Curtis Lazar and loses puck.
2:01 of 1st period - Shot by Steven Stamkos.
2:01 of 1st period - Stopped by Carter Hart without a rebound.
2:02 of 1st period - Steven Lorentz wins face-off versus Jordan Staal in Blues zone.
2:39 of 1st period - Shot by Steven Lorentz.
2:39 of 1st period - Stopped by Antti Raanta without a rebound.
2:40 of 1st period - Steven Stamkos wins face-off versus Curtis Lazar in Flames zone.
2:57 of 1st period - Shot by Alex Newhook.
2:57 of 1st period - Shot Misses the Net.
2:59 of 1st period - Shot by Kris Letang.
2:59 of 1st period - Shot Misses the Net.
3:01 of 1st period - Shot by Kris Letang.
3:01 of 1st period - Shot Misses the Net.
3:03 of 1st period - Shot by Sean Monahan.
3:03 of 1st period - Stopped by Antti Raanta without a rebound.
3:04 of 1st period - Nico Hischier wins face-off versus Jordan Staal in Flames zone.
3:18 of 1st period - Jordan Eberle is hit by Filip Hronek.
3:34 of 1st period - Shot by Nico Hischier.
3:34 of 1st period - Stopped by Antti Raanta with a rebound.
3:49 of 1st period - Icing by Alec Martinez.
3:50 of 1st period - Steven Stamkos wins face-off versus Nico Hischier in Blues zone.
3:55 of 1st period - Shot by Alex Ovechkin.
3:55 of 1st period - Stopped by Carter Hart with a rebound.
3:57 of 1st period - Shot by Jordan Kyrou.
3:57 of 1st period - Shot Misses the Net.
3:58 of 1st period - Minor Penalty to Filip Hronek for Slashing.
3:59 of 1st period - Steven Stamkos wins face-off versus Sean Monahan in Blues zone.
4:45 of 1st period - Shot by Steven Stamkos.
4:45 of 1st period - Stopped by Carter Hart without a rebound.
4:46 of 1st period - John Tavares wins face-off versus Sean Monahan in Blues zone.
4:49 of 1st period - Shot by Jordan Kyrou.
4:49 of 1st period - Shot Blocked by Yanni Gourde.
4:53 of 1st period - Shot by Lawson Crouse.
4:53 of 1st period - Shot Misses the Net.
5:09 of 1st period - Shot by John Tavares.
5:09 of 1st period - Goal by John Tavares - Flames : 1 - Blues : 0.
5:10 of 1st period - Jordan Staal wins face-off versus Steven Lorentz in neutral zone.
5:12 of 1st period - Esa Lindell is hit by Carson Soucy and loses puck.
5:28 of 1st period - Icing by Anthony DeAngelo.
5:29 of 1st period - Steven Lorentz wins face-off versus Jordan Kyrou in Blues zone.
5:51 of 1st period - Minor Penalty to Steven Lorentz for Holding Stick.
5:52 of 1st period - John Tavares wins face-off versus Sean Monahan in Blues zone.
6:05 of 1st period - Shot by Adam Larsson.
6:05 of 1st period - Stopped by Carter Hart with a rebound.
6:07 of 1st period - Shot by Dmitry Orlov.
6:07 of 1st period - Shot Misses the Net.
6:09 of 1st period - Shot by Adam Larsson.
6:09 of 1st period - Stopped by Carter Hart without a rebound.
6:10 of 1st period - Auston Matthews wins face-off versus Steven Stamkos in Blues zone.
6:10 of 1st period - Auston Matthews is hit by Alex Ovechkin.
6:30 of 1st period - Shot by Sebastian Aho.
6:30 of 1st period - Shot Blocked by Alec Martinez.
6:32 of 1st period - Shot by Josh Morrissey.
6:32 of 1st period - Shot Misses the Net.
6:40 of 1st period - Shot by Alex Ovechkin.
6:40 of 1st period - Stopped by Carter Hart without a rebound.
6:41 of 1st period - Sean Monahan wins face-off versus John Tavares in Blues zone.
6:50 of 1st period - Shot by Dmitry Orlov.
6:50 of 1st period - Stopped by Carter Hart without a rebound.
6:51 of 1st period - Sean Monahan wins face-off versus John Tavares in Blues zone.
6:51 of 1st period - Sean Monahan is hit by Lawson Crouse.
7:28 of 1st period - Shot by Adam Larsson.
7:28 of 1st period - Shot Misses the Net.
7:30 of 1st period - Shot by Lawson Crouse.
7:30 of 1st period - Shot Misses the Net.
7:34 of 1st period - Shot by Jordan Kyrou.
7:34 of 1st period - Stopped by Carter Hart without a rebound.
7:35 of 1st period - Sean Monahan wins face-off versus Steven Stamkos in Blues zone.
8:01 of 1st period - Icing by Steven Lorentz.
8:02 of 1st period - Steven Lorentz wins face-off versus Steven Stamkos in Blues zone.
8:36 of 1st period - Icing by Craig Smith.
8:37 of 1st period - Jordan Staal wins face-off versus Steven Lorentz in Blues zone.
8:44 of 1st period - Anthony DeAngelo is hit by Jordan Staal and loses puck.
9:26 of 1st period - Icing by Jordan Staal.
9:27 of 1st period - Jordan Staal wins face-off versus Auston Matthews in Flames zone.
9:50 of 1st period - Shot by Yanni Gourde.
9:50 of 1st period - Shot Misses the Net.
10:00 of 1st period - Shot by Clayton Keller.
10:00 of 1st period - Shot Blocked by Jared Spurgeon.
10:02 of 1st period - Shot by Yanni Gourde.
10:02 of 1st period - Shot Misses the Net.
10:08 of 1st period - Shot by Auston Matthews.
10:08 of 1st period - Stopped by Antti Raanta without a rebound.
10:09 of 1st period - John Tavares wins face-off versus Nico Hischier in Flames zone.
10:09 of 1st period - John Tavares is hit by Jack Eichel.
10:15 of 1st period - Shot by Sebastian Aho.
10:15 of 1st period - Shot Blocked by Jack Eichel.
10:23 of 1st period - Shot by Lawson Crouse.
10:23 of 1st period - Deflect By Sebastian Aho.
10:23 of 1st period - Stopped by Carter Hart without a rebound.
10:24 of 1st period - Steven Stamkos wins face-off versus Curtis Lazar in Blues zone.
10:29 of 1st period - Shot by Alex Ovechkin.
10:29 of 1st period - Shot Blocked by Filip Hronek.
11:07 of 1st period - Icing by Filip Hronek.
11:08 of 1st period - Curtis Lazar wins face-off versus John Tavares in Blues zone.
11:36 of 1st period - Shot by John Tavares.
11:36 of 1st period - Stopped by Carter Hart without a rebound.
11:37 of 1st period - Nico Hischier wins face-off versus Jordan Staal in Blues zone.
12:32 of 1st period - Shot by Clayton Keller.
12:32 of 1st period - Stopped by Antti Raanta without a rebound.
12:33 of 1st period - Auston Matthews wins face-off versus John Tavares in Flames zone.
12:54 of 1st period - Shot by Clayton Keller.
12:54 of 1st period - Shot Hit the Post.
13:11 of 1st period - Clayton Keller is hit by Adam Larsson and loses puck.
13:37 of 1st period - Icing by Josh Morrissey.
13:38 of 1st period - Steven Stamkos wins face-off versus Nico Hischier in Flames zone.
13:44 of 1st period - Off-side.
13:45 of 1st period - Nico Hischier wins face-off versus Jordan Staal in neutral zone.
13:54 of 1st period - Shot by Kris Letang.
13:54 of 1st period - Shot Misses the Net.
13:56 of 1st period - Shot by Logan Couture.
13:56 of 1st period - Shot Misses the Net.
13:58 of 1st period - Shot by Nico Hischier.
13:58 of 1st period - Stopped by Antti Raanta without a rebound.
13:59 of 1st period - Curtis Lazar wins face-off versus Steven Stamkos in Flames zone.
13:59 of 1st period - Cale Makar is hit by Josh Morrissey.
14:14 of 1st period - Shot by Alex Ovechkin.
14:14 of 1st period - Shot Misses the Net.
14:30 of 1st period - Shot by Steven Stamkos.
14:30 of 1st period - Shot Hit the Post.
14:40 of 1st period - Shot by Alex Ovechkin.
14:40 of 1st period - Shot Misses the Net.
14:42 of 1st period - Shot by Josh Morrissey.
14:42 of 1st period - Shot Blocked by Kris Letang.
14:44 of 1st period - Shot by Alex Ovechkin.
14:44 of 1st period - Shot Misses the Net.
15:09 of 1st period - Minor Penalty to Lawson Crouse for Interference.
15:10 of 1st period - Auston Matthews wins face-off versus Jordan Staal in Flames zone.
15:46 of 1st period - Shot by Cale Makar.
15:46 of 1st period - Stopped by Antti Raanta without a rebound.
15:47 of 1st period - Alex Newhook wins face-off versus John Tavares in Flames zone.
16:26 of 1st period - Shot by Anthony DeAngelo.
16:26 of 1st period - Shot Blocked by Jared Spurgeon.
17:15 of 1st period - Shot by Filip Hronek.
17:15 of 1st period - Shot Misses the Net.
17:17 of 1st period - Shot by Alec Martinez.
17:17 of 1st period - Shot Blocked by Dmitry Orlov.
17:21 of 1st period - Shot by Steven Lorentz.
17:21 of 1st period - Stopped by Antti Raanta without a rebound.
17:22 of 1st period - Marcus Johansson wins face-off versus Alex Ovechkin in Flames zone.
17:34 of 1st period - Icing by Adam Larsson.
17:35 of 1st period - Auston Matthews wins face-off versus Steven Stamkos in Flames zone.
17:38 of 1st period - Shot by Yanni Gourde.
17:38 of 1st period - Shot Misses the Net.
18:06 of 1st period - Shot by Steven Stamkos.
18:06 of 1st period - Shot Misses the Net.
18:53 of 1st period - Nico Hischier is hit by Josh Morrissey and loses puck.
19:11 of 1st period - Jack Eichel is hit by Josh Morrissey and loses puck.
19:13 of 1st period - Minor Penalty to Josh Morrissey for Tripping.
19:14 of 1st period - Yanni Gourde wins face-off versus John Tavares in Flames zone.
19:15 of 1st period - Shot by Nico Hischier.
19:15 of 1st period - Shot Misses the Net.
19:31 of 1st period - Shot by Cale Makar.
19:31 of 1st period - Shot Misses the Net.
19:46 of 1st period - Off-side.
19:47 of 1st period - Auston Matthews wins face-off versus John Tavares in neutral zone.
19:51 of 1st period - Jack Eichel is hit by Adam Larsson and loses puck.
19:58 of 1st period - Shot by Kris Letang.
19:58 of 1st period - Stopped by Antti Raanta without a rebound.
19:59 of 1st period - Jordan Staal wins face-off versus Auston Matthews in Flames zone.
19:59 of 1st period - Jordan Staal is hit by Jack Eichel.
Goals for this period are 1 for Flames vs 0 for Blues.
Shots for this period are 11 for Flames vs 9 for Blues.

2nd period


0:01 of 2nd period - Jordan Staal wins face-off versus Auston Matthews in neutral zone.
0:12 of 2nd period - Shot by Cale Makar.
0:12 of 2nd period - Shot Blocked by Adam Larsson.
0:14 of 2nd period - Shot by Logan Couture.
0:14 of 2nd period - Shot Misses the Net.
0:16 of 2nd period - Shot by Nico Hischier.
0:16 of 2nd period - Stopped by Antti Raanta without a rebound.
0:17 of 2nd period - Jordan Staal wins face-off versus Yanni Gourde in Flames zone.
0:54 of 2nd period - Shot by Kris Letang.
0:54 of 2nd period - Stopped by Antti Raanta with a rebound.
0:56 of 2nd period - Shot by Kris Letang.
0:56 of 2nd period - Shot Blocked by Jared Spurgeon.
0:58 of 2nd period - Shot by Anthony DeAngelo.
0:58 of 2nd period - Shot Blocked by Jared Spurgeon.
1:00 of 2nd period - Shot by Kris Letang.
1:00 of 2nd period - Stopped by Antti Raanta without a rebound.
1:01 of 2nd period - Jordan Staal wins face-off versus Auston Matthews in Flames zone.
1:29 of 2nd period - Shot by Steven Stamkos.
1:29 of 2nd period - Shot Blocked by Filip Hronek.
1:52 of 2nd period - Shot by Steven Stamkos.
1:52 of 2nd period - Shot Misses the Net.
3:26 of 2nd period - Jordan Staal is hit by Yanni Gourde and loses puck.
3:46 of 2nd period - Shot by Yanni Gourde.
3:46 of 2nd period - Deflect By Auston Matthews.
3:46 of 2nd period - Shot Blocked by Erik Gudbranson.
4:31 of 2nd period - Shot by Alex Newhook.
4:31 of 2nd period - Goal by Alex Newhook - Flames : 1 - Blues : 1.
4:32 of 2nd period - Nico Hischier wins face-off versus Steven Stamkos in neutral zone.
4:47 of 2nd period - Shot by Nico Hischier.
4:47 of 2nd period - Goal by Nico Hischier - Flames : 1 - Blues : 2.
4:48 of 2nd period - Steven Lorentz wins face-off versus Steven Stamkos in neutral zone.
5:12 of 2nd period - Icing by Kris Letang.
5:13 of 2nd period - John Tavares wins face-off versus Steven Lorentz in Blues zone.
6:06 of 2nd period - Icing by Lawson Crouse.
6:07 of 2nd period - Auston Matthews wins face-off versus John Tavares in Flames zone.
6:36 of 2nd period - Shot by Auston Matthews.
6:36 of 2nd period - Goal by Auston Matthews - Flames : 1 - Blues : 3.
6:37 of 2nd period - Jordan Staal wins face-off versus Nico Hischier in neutral zone.
7:53 of 2nd period - Shot by Yanni Gourde.
7:53 of 2nd period - Goal by Yanni Gourde - Flames : 1 - Blues : 4.
7:53 of 2nd period - Vitek Vanecek enters game.
7:54 of 2nd period - Curtis Lazar wins face-off versus John Tavares in neutral zone.
7:57 of 2nd period - Esa Lindell is hit by Curtis Lazar and loses puck.
8:08 of 2nd period - Shot by Sean Monahan.
8:08 of 2nd period - Stopped by Vitek Vanecek without a rebound.
8:09 of 2nd period - Auston Matthews wins face-off versus Steven Stamkos in Flames zone.
9:24 of 2nd period - Shot by Nico Hischier.
9:24 of 2nd period - Deflect By Jack Eichel.
9:24 of 2nd period - Shot Misses the Net.
10:19 of 2nd period - Shot by Sebastian Aho.
10:19 of 2nd period - Shot Misses the Net.
10:21 of 2nd period - Shot by John Tavares.
10:21 of 2nd period - Stopped by Carter Hart without a rebound.
10:22 of 2nd period - Jordan Staal wins face-off versus Steven Lorentz in Blues zone.
11:42 of 2nd period - Sebastian Aho is hit by Filip Hronek.
12:03 of 2nd period - Clayton Keller is hit by Adam Larsson.
12:07 of 2nd period - Shot by Clayton Keller.
12:07 of 2nd period - Deflect By Auston Matthews.
12:07 of 2nd period - Shot Misses the Net.
12:19 of 2nd period - Shot by Clayton Keller.
12:19 of 2nd period - Stopped by Vitek Vanecek without a rebound.
12:20 of 2nd period - Nico Hischier wins face-off versus Steven Stamkos in Flames zone.
12:52 of 2nd period - Off-side.
12:53 of 2nd period - Curtis Lazar wins face-off versus Jordan Staal in neutral zone.
13:09 of 2nd period - Cale Makar is hit by Alex DeBrincat and loses puck.
14:20 of 2nd period - Shot by Auston Matthews.
14:20 of 2nd period - Stopped by Vitek Vanecek without a rebound.
14:21 of 2nd period - Nico Hischier wins face-off versus John Tavares in Flames zone.
14:24 of 2nd period - Shot by Jack Eichel.
14:24 of 2nd period - Stopped by Vitek Vanecek without a rebound.
14:25 of 2nd period - Nico Hischier wins face-off versus John Tavares in Flames zone.
15:38 of 2nd period - Cale Makar is hit by Jared Spurgeon and loses puck.
15:55 of 2nd period - Shot by Cale Makar.
15:55 of 2nd period - Shot Misses the Net.
16:10 of 2nd period - Shot by Auston Matthews.
16:10 of 2nd period - Stopped by Vitek Vanecek without a rebound.
16:11 of 2nd period - Jordan Staal wins face-off versus Curtis Lazar in Flames zone.
16:18 of 2nd period - Shot by Jordan Eberle.
16:18 of 2nd period - Stopped by Carter Hart without a rebound.
16:19 of 2nd period - John Tavares wins face-off versus Curtis Lazar in Blues zone.
16:39 of 2nd period - Curtis Lazar is hit by Sebastian Aho.
16:42 of 2nd period - Filip Hronek is hit by Lawson Crouse and loses puck.
17:47 of 2nd period - Shot by Alex DeBrincat.
17:47 of 2nd period - Shot Misses the Net.
18:10 of 2nd period - Icing by Anthony DeAngelo.
18:11 of 2nd period - Auston Matthews wins face-off versus Steven Stamkos in Blues zone.
18:13 of 2nd period - Clayton Keller is hit by Alex Ovechkin and loses puck.
18:22 of 2nd period - Shot by Steven Stamkos.
18:22 of 2nd period - Deflect By Alex Ovechkin.
18:22 of 2nd period - Shot Misses the Net.
18:26 of 2nd period - Shot by Alex Ovechkin.
18:26 of 2nd period - Shot Blocked by Anthony DeAngelo.
18:28 of 2nd period - Shot by Alex Ovechkin.
18:28 of 2nd period - Stopped by Carter Hart without a rebound.
18:29 of 2nd period - Curtis Lazar wins face-off versus John Tavares in Blues zone.
18:41 of 2nd period - Icing by Adam Larsson.
18:42 of 2nd period - John Tavares wins face-off versus Auston Matthews in Flames zone.
19:14 of 2nd period - Icing by Cale Makar.
19:15 of 2nd period - Steven Stamkos wins face-off versus Auston Matthews in Blues zone.
19:15 of 2nd period - Jordan Kyrou is hit by Cale Makar and loses puck.
Goals for this period are 0 for Flames vs 4 for Blues.
Shots for this period are 3 for Flames vs 12 for Blues.

3rd period


0:01 of 3rd period - Steven Stamkos wins face-off versus Nico Hischier in neutral zone.
0:23 of 3rd period - Shot by Jordan Kyrou.
0:23 of 3rd period - Shot Misses the Net.
0:28 of 3rd period - Off-side.
0:29 of 3rd period - John Tavares wins face-off versus Auston Matthews in neutral zone.
1:52 of 3rd period - Shot by Steven Stamkos.
1:52 of 3rd period - Goal by Steven Stamkos - Flames : 2 - Blues : 4.
1:53 of 3rd period - Jordan Staal wins face-off versus Sean Monahan in neutral zone.
1:58 of 3rd period - Shot by Jordan Eberle.
1:58 of 3rd period - Goal by Jordan Eberle - Flames : 3 - Blues : 4.
1:59 of 3rd period - Curtis Lazar wins face-off versus Jordan Staal in neutral zone.
2:04 of 3rd period - Shot by Curtis Lazar.
2:04 of 3rd period - Shot Blocked by Dmitry Orlov.
2:20 of 3rd period - Shot by Jordan Eberle.
2:20 of 3rd period - Shot Misses the Net.
2:24 of 3rd period - Shot by Jordan Staal.
2:24 of 3rd period - Shot Misses the Net.
2:44 of 3rd period - Off-side.
2:45 of 3rd period - Steven Stamkos wins face-off versus Nico Hischier in neutral zone.
2:49 of 3rd period - Off-side.
2:50 of 3rd period - Nico Hischier wins face-off versus Jordan Kyrou in neutral zone.
2:52 of 3rd period - Logan Couture is hit by Josh Morrissey and loses puck.
3:03 of 3rd period - Shot by Cale Makar.
3:03 of 3rd period - Deflect By Nico Hischier.
3:03 of 3rd period - Shot Blocked by Josh Morrissey.
3:05 of 3rd period - Shot by Logan Couture.
3:05 of 3rd period - Shot Blocked by Josh Morrissey.
3:33 of 3rd period - Steven Stamkos is hit by Nico Hischier and loses puck.
3:48 of 3rd period - Shot by Auston Matthews.
3:48 of 3rd period - Deflect By Yanni Gourde.
3:48 of 3rd period - Stopped by Vitek Vanecek without a rebound.
3:49 of 3rd period - John Tavares wins face-off versus Auston Matthews in Flames zone.
4:12 of 3rd period - Shot by John Tavares.
4:12 of 3rd period - Shot Misses the Net.
4:28 of 3rd period - Shot by Clayton Keller.
4:28 of 3rd period - Shot Misses the Net.
4:30 of 3rd period - Shot by Yanni Gourde.
4:30 of 3rd period - Shot Misses the Net.
4:48 of 3rd period - Shot by Curtis Lazar.
4:48 of 3rd period - Deflect By Sean Monahan.
4:48 of 3rd period - Shot Misses the Net.
4:52 of 3rd period - Shot by Sean Monahan.
4:52 of 3rd period - Shot Misses the Net.
4:54 of 3rd period - Shot by Sean Monahan.
4:54 of 3rd period - Stopped by Vitek Vanecek without a rebound.
4:55 of 3rd period - Jordan Staal wins face-off versus Nico Hischier in Flames zone.
5:29 of 3rd period - Shot by Alex DeBrincat.
5:29 of 3rd period - Stopped by Carter Hart without a rebound.
5:30 of 3rd period - Curtis Lazar wins face-off versus Steven Stamkos in Blues zone.
5:30 of 3rd period - Curtis Lazar is hit by Alex Ovechkin.
5:56 of 3rd period - Icing by Curtis Lazar.
5:57 of 3rd period - Jordan Staal wins face-off versus Curtis Lazar in Blues zone.
6:26 of 3rd period - Shot by Alex DeBrincat.
6:26 of 3rd period - Stopped by Carter Hart without a rebound.
6:27 of 3rd period - John Tavares wins face-off versus Auston Matthews in Blues zone.
7:11 of 3rd period - Auston Matthews is hit by Adam Larsson and loses puck.
7:50 of 3rd period - Shot by Logan Couture.
7:50 of 3rd period - Stopped by Vitek Vanecek without a rebound.
7:51 of 3rd period - Jordan Staal wins face-off versus Curtis Lazar in Flames zone.
8:11 of 3rd period - Alex Newhook is hit by Erik Gudbranson and loses puck.
8:27 of 3rd period - Icing by Erik Gudbranson.
8:28 of 3rd period - Jordan Staal wins face-off versus Nico Hischier in Flames zone.
8:43 of 3rd period - Shot by Nico Hischier.
8:43 of 3rd period - Stopped by Vitek Vanecek without a rebound.
8:44 of 3rd period - Jordan Kyrou wins face-off versus Auston Matthews in Flames zone.
9:00 of 3rd period - Icing by Josh Morrissey.
9:01 of 3rd period - Alex Ovechkin wins face-off versus Nico Hischier in Flames zone.
10:08 of 3rd period - Shot by Sebastian Aho.
10:08 of 3rd period - Stopped by Carter Hart with a rebound.
10:59 of 3rd period - Icing by Dmitry Orlov.
11:00 of 3rd period - Steven Lorentz wins face-off versus Jordan Staal in Flames zone.
11:03 of 3rd period - Shot by Craig Smith.
11:03 of 3rd period - Deflect By Marcus Johansson.
11:03 of 3rd period - Shot Blocked by Jordan Eberle.
11:06 of 3rd period - Icing by Jordan Eberle.
11:07 of 3rd period - Jordan Staal wins face-off versus Nico Hischier in Flames zone.
11:13 of 3rd period - Off-side.
11:14 of 3rd period - Steven Stamkos wins face-off versus Jack Eichel in neutral zone.
11:44 of 3rd period - Icing by Jared Spurgeon.
11:45 of 3rd period - Auston Matthews wins face-off versus Steven Stamkos in Flames zone.
12:08 of 3rd period - Shot by Alex Ovechkin.
12:08 of 3rd period - Shot Misses the Net.
12:10 of 3rd period - Shot by Jared Spurgeon.
12:10 of 3rd period - Stopped by Carter Hart without a rebound.
12:11 of 3rd period - John Tavares wins face-off versus Nico Hischier in Blues zone.
12:43 of 3rd period - Shot by Sebastian Aho.
12:43 of 3rd period - Stopped by Carter Hart without a rebound.
12:44 of 3rd period - Auston Matthews wins face-off versus Jordan Staal in Blues zone.
12:44 of 3rd period - Auston Matthews is hit by Jordan Staal.
12:47 of 3rd period - Icing by Cale Makar.
12:48 of 3rd period - Auston Matthews wins face-off versus Steven Stamkos in Blues zone.
12:48 of 3rd period - Auston Matthews is hit by Alex Ovechkin.
13:13 of 3rd period - Shot by Alex Ovechkin.
13:13 of 3rd period - Shot Misses the Net.
13:15 of 3rd period - Shot by Josh Morrissey.
13:15 of 3rd period - Stopped by Carter Hart without a rebound.
13:16 of 3rd period - John Tavares wins face-off versus Nico Hischier in Blues zone.
13:21 of 3rd period - Shot by Sebastian Aho.
13:21 of 3rd period - Shot Misses the Net.
13:31 of 3rd period - Shot by Sebastian Aho.
13:31 of 3rd period - Shot Misses the Net.
13:39 of 3rd period - Shot by John Tavares.
13:39 of 3rd period - Stopped by Carter Hart without a rebound.
13:40 of 3rd period - Steven Stamkos wins face-off versus Auston Matthews in Blues zone.
13:47 of 3rd period - Shot by Yanni Gourde.
13:47 of 3rd period - Stopped by Vitek Vanecek without a rebound.
13:48 of 3rd period - Steven Stamkos wins face-off versus Auston Matthews in Flames zone.
14:55 of 3rd period - Nico Hischier is hit by Steven Stamkos and loses puck.
15:07 of 3rd period - Filip Hronek is hit by Dmitry Orlov.
15:13 of 3rd period - Shot by Jack Eichel.
15:13 of 3rd period - Shot Misses the Net.
15:15 of 3rd period - Shot by Filip Hronek.
15:15 of 3rd period - Shot Blocked by Dmitry Orlov.
15:17 of 3rd period - Shot by Logan Couture.
15:17 of 3rd period - Stopped by Vitek Vanecek without a rebound.
15:18 of 3rd period - Jordan Staal wins face-off versus Curtis Lazar in Flames zone.
15:18 of 3rd period - Jordan Staal is hit by Curtis Lazar.
15:26 of 3rd period - Minor Penalty to Alex Newhook for Hooking.
15:27 of 3rd period - Steven Lorentz wins face-off versus John Tavares in Blues zone.
15:36 of 3rd period - Cale Makar is hit by Lawson Crouse and loses puck.
15:41 of 3rd period - Shot by Josh Morrissey.
15:41 of 3rd period - Shot Blocked by Alec Martinez.
15:47 of 3rd period - Shot by Lawson Crouse.
15:47 of 3rd period - Stopped by Carter Hart with a rebound.
15:49 of 3rd period - Shot by Lawson Crouse.
15:49 of 3rd period - Stopped by Carter Hart with a rebound.
15:51 of 3rd period - Shot by Lawson Crouse.
15:51 of 3rd period - Stopped by Carter Hart without a rebound.
15:52 of 3rd period - Sean Monahan wins face-off versus Steven Stamkos in Blues zone.
16:03 of 3rd period - Shot by Dmitry Orlov.
16:03 of 3rd period - Shot Hit the Post.
16:05 of 3rd period - Shot by Alex Ovechkin.
16:05 of 3rd period - Stopped by Carter Hart without a rebound.
16:06 of 3rd period - Steven Lorentz wins face-off versus John Tavares in Blues zone.
16:11 of 3rd period - Dmitry Orlov is hit by Steven Lorentz and loses puck.
16:24 of 3rd period - Shot by Dmitry Orlov.
16:24 of 3rd period - Stopped by Carter Hart with a rebound.
16:26 of 3rd period - Shot by Adam Larsson.
16:26 of 3rd period - Shot Misses the Net.
17:12 of 3rd period - Shot by Steven Stamkos.
17:12 of 3rd period - Stopped by Carter Hart without a rebound.
17:13 of 3rd period - Sean Monahan wins face-off versus Steven Stamkos in Blues zone.
17:28 of 3rd period - Anthony DeAngelo is hit by Jordan Staal and loses puck.
18:50 of 3rd period - Shot by Sebastian Aho.
18:50 of 3rd period - Shot Blocked by Anthony DeAngelo.
19:04 of 3rd period - Icing by Sebastian Aho.
19:05 of 3rd period - Nico Hischier wins face-off versus John Tavares in Flames zone.
19:06 of 3rd period - Shot by Kris Letang.
19:06 of 3rd period - Stopped by Vitek Vanecek without a rebound.
19:07 of 3rd period - Nico Hischier wins face-off versus Steven Stamkos in Flames zone.
19:18 of 3rd period - Flames, Vitek Vanecek is pulled from the net.
19:29 of 3rd period - Cale Makar is hit by Josh Morrissey and loses puck.
19:32 of 3rd period - Shot by Alec Martinez.
19:32 of 3rd period - Shot Misses the Net.
19:34 of 3rd period - Shot by Nico Hischier.
19:34 of 3rd period - Shot Misses the Net.
19:36 of 3rd period - Shot by Logan Couture.
19:36 of 3rd period - Shot Misses the Net.
19:38 of 3rd period - Shot by Alec Martinez.
19:38 of 3rd period - Shot Hit the Post.
19:48 of 3rd period - Shot by Logan Couture.
19:48 of 3rd period - Shot Misses the Net.
19:50 of 3rd period - Shot by Kris Letang.
19:50 of 3rd period - Goal by Kris Letang - Flames : 3 - Blues : 5.
19:50 of 3rd period - Vitek Vanecek from Flames was sent back in the game.
19:51 of 3rd period - Curtis Lazar wins face-off versus John Tavares in neutral zone.
19:54 of 3rd period - Adam Larsson is hit by Curtis Lazar and loses puck.
Goals for this period are 2 for Flames vs 1 for Blues.
Shots for this period are 15 for Flames vs 8 for Blues.